 Dungeon Crawl Stone Soup version 0.28-a0-697-g47f3eba078 (webtiles) character file.

Game seed: 1680572531678552616

114 RepHenryClay the Ruffian (level 4, -1/38 HPs)
             Began as a Naga Transmuter on Oct 23, 2021.
             Slain by a phantom (8 damage)
             ... on level 4 of the Dungeon.
             The game lasted 00:05:32 (3726 turns).

RepHenryClay the Ruffian (Naga Transmuter)          Turns: 3726, Time: 00:05:32

Health: -1/38      AC:  2    Str: 13    XL:     4   Next: 98%
Magic:  2/7        EV: 19    Int: 14    God:
Gold:   99         SH:  0    Dex: 16    Spells: 1/7 levels left

rFire   . . .      SeeInvis +     - Unarmed
rCold   . . .      Faith    .   (shield currently unavailable)
rNeg    + . .      Spirit   .   (armour currently unavailable)
rPois   x          Reflect  .   (helmet currently unavailable)
rElec   .          Harm     .   (cloak currently unavailable)
rCorr   .          Rampage  .   (gloves currently unavailable)
Will    .....                   (no barding)
Stlth   +.........              (no amulet)
HPRegen 0.12/turn               e - ring of positive energy
MPRegen 0.10/turn               (no ring)

@: spider-form (expiring), hasted, very quick
A: venomous fangs, AC +1, tiny, see invisible, (deformed body), (poison
resistance), (slowness 2), spit poison 1, (naga tail 1)
a: Spit Poison, End Transformation


You were on level 4 of the Dungeon.
You were a venomous arachnid creature.
You visited 1 branch of the dungeon, and saw 4 of its levels.

You collected 99 gold pieces.

Inventory:

Missiles
 b - 33 poisoned darts (quivered)
Armour
 a - a +0 robe (melded)
 g - a +0 buckler
 i - a +0 pair of gloves (melded)
Jewellery
 e - a ring of positive energy (left front leg)
Scrolls
 c - 4 scrolls of enchant weapon {unknown}
 f - 2 scrolls of identify {unknown}
 h - a scroll of fear {unknown}


   Skills:
 - Level 1.0 Fighting
 - Level 2.5 Dodging
 + Level 3.9 Unarmed Combat
 - Level 2.0 Spellcasting
 - Level 2.0 Transmutations
 - Level 3.6 Poison Magic


You had one spell level left.
You knew the following spells:

 Your Spells              Type           Power      Damage    Failure   Level
a - Beastly Appendage     Tmut           14%        N/A       26%         1
b - Wereblood             Tmut           7%         N/A       34%         2
c - Spider Form           Tmut/Pois      4%         N/A       43%         3

Your spell library contained the following spells:

 Spells                   Type           Power      Damage    Failure   Level
 Shock                    Conj/Air       4%         1d3       45%         1
 Ensorcelled Hibernation  Hex/Ice        2%         N/A       56%         2
 Swiftness                Air            1%         N/A       77%         3
 Ice Form                 Ice/Tmut       4%         N/A       94%         4
 Airstrike                Air            0%         N/A       98%         4


Dungeon Overview and Level Annotations

Branches:
Dungeon (4/15)
 Temple: D:4-7

Altars:
Kikubaaqudgha
The Shining One


Innate Abilities, Weirdness & Mutations

You are a venomous arachnid creature.
You have poisonous fangs.
You are tiny and dextrous.
Your spellcasting is less reliable in this form.
Your armour is entirely melded.
You are incapable of wielding weapons or throwing items.
((Your serpentine skin is tough. (AC +1)))
You have supernaturally acute eyesight. (SInv)
((Armour fits poorly on your strangely shaped body.))
((Your system is resistant to poisons. (rPois)))
((You cover ground very slowly.))
You can spit poison.
((You have a snake-like lower body.))


Message History

The phantom blinks!
You blink.
Huge Dmg: -10%(-4hp) hp: 35%(13hp)
Casting: Spider Form (quite dangerous; 22% risk of failure)
Confirm with . or Enter, or press ? or * to list all spells.
The spell is quite dangerous to cast (22% risk of failure)!
Continue anyway?
You miscast Spider Form.
You are very lightly contaminated with residual magic.
Nothing appears to happen.
The phantom hits you.
* * * LOW HITPOINT WARNING * * *
Huge Dmg: -16%(-6hp) hp: 19%(7hp)
Casting: Spider Form (quite dangerous; 22% risk of failure)
Confirm with . or Enter, or press ? or * to list all spells.
The spell is quite dangerous to cast (22% risk of failure)!
Continue anyway?
You turn into a venomous arachnid creature.
Your +0 pair of gloves melds into your body.
Your +0 robe melds into your body.
The phantom closely misses you.
Your transformation is almost over.
There is a stone staircase leading up, spattered with blood here.
It was a potion of haste.
You feel yourself speed up. The phantom hits you.
* * * LOW HITPOINT WARNING * * *
Damage: -3%(-1hp) hp: 19%(7hp) Unknown command.
You hit the phantom.
The phantom is lightly damaged.
You hit the phantom.
The phantom is moderately damaged.
The phantom barely misses you.
Your magical contamination has completely faded away.
You hit the phantom.
The phantom is moderately damaged.
The phantom closely misses you.
You bite the phantom!
The phantom is heavily damaged.
You hit the phantom.
The phantom is severely damaged.
The phantom barely misses you.
You closely miss the phantom.
The phantom is severely damaged.
The phantom hits you!
You die...

##+##
##...##
##.....##
##.......##
#...sW....#
+>........+
#.........#
##.......##
##.....##
##.:.##
##+##


You could see a phantom.

Vanquished Creatures
  Jessica (D:2)
  3 gnolls (D:2)
  2 adders (D:2)
  A worm (D:2)
  An orc (D:3)
  2 ball pythons
  4 bats
  3 endoplasms
  A giant cockroach (D:1)
  7 goblins
  3 hobgoblins (D:2)
  A quokka (D:3)
  A frilled lizard (D:1)
  2 kobolds (D:1)
  8 rats
40 creatures vanquished.

Notes
Turn   | Place    | Note
-------+----------+-------------------------------------------
     0 | D:1      | RepHenryClay the Naga Transmuter began the quest for the
                  | Orb.
     0 | D:1      | Reached XP level 1. HP: 18/18 MP: 3/3
   347 | D:1      | Found a faded altar of an unknown god.
   509 | D:1      | Reached XP level 2. HP: 22/25 MP: 5/5
  1544 | D:2      | Learned a level 2 spell: Wereblood
  1556 | D:2      | Noticed Jessica
  1567 | D:2      | HP: 1/25 [Jessica (2)]
  1573 | D:2      | Killed Jessica
  1574 | D:2      | Reached XP level 3. HP: 5/31 MP: 3/6
  1917 | D:2      | Learned a level 3 spell: Spider Form
  2164 | D:2      | Reached skill level 1 in Poison Magic
  2400 | D:2      | Reached XP level 4. HP: 36/38 MP: 7/7
  3262 | D:3      | Found a glowing golden altar of the Shining One.
  3264 | D:3      | Found an ancient bone altar of Kikubaaqudgha.
  3705 | D:4      | Noticed a phantom
  3726 | D:4      | Slain by a phantom

Illustrated notes

Levels and vault maps discovered:
D:1:      dpeg_arrival_renting, layout_basic, shapermc_ecumenical_altar_pompeii
D:2:      layout_basic, uniq_jessica
D:3:      layout_loops_ring, amethyst_overflow_temple_binary
D:4:      cheibrodos_thug_alley, layout_loops_corners, minmay_gold_behind_fungi,
          hangedman_decor_slide_cut, minmay_fractal_squares_5

Skill      XL: |  1  2  3  4 |
---------------+-------------+-----
Dodging        | 2 |  2.5
Poison Magic   | 1 3 |  3.6
Fighting       | |  1.0
Unarmed Combat | |  3.9
Spellcasting   | |  2.0
Transmutations | |  2.0

Action                   |  1- 3 |  4- 6 || total
-------------------------+-------+-------++-------
Melee: Unarmed           |    85 |    29 ||   114
       Headbutt          |     3 |       ||     3
       Punch             |     3 |       ||     3
Throw: Dart              |     5 |     4 ||     9
 Cast: Beastly Appendage |     6 |       ||     6
       Wereblood         |     1 |       ||     1
       Spider Form       |       |     3 ||     3
 Abil: Spit Poison       |    14 |    13 ||    27
       End Transformatio |       |     1 ||     1
  Use: Potion            |     1 |     1 ||     2
Armor: Robe              |    10 |     1 ||    11
Dodge: Dodged            |    43 |    20 ||    63

Table legend: (Time is in decaauts)
 A = Elapsed time spent in this place.
 B = Non-inter-level travel time spent in this place.
 C = Inter-level travel time spent in this place.
 D = Time resting spent in this place.
 E = Time spent auto-exploring this place.
 F = Levels seen in this place.
 G = Mean time per level.
                   A        B        C        D        E       F      G
               +--------+--------+--------+--------+--------+-----+--------+
         Total |   4553 |   4439 |    114 |    883 |   3057 |   4 | 1138.2 |
       Dungeon |   4553 |   4439 |    114 |    883 |   3057 |   4 | 1138.2 |
               +--------+--------+--------+--------+--------+-----+--------+

Top non-repeatable levels by time:
     D:1: 2124 daAuts
     D:2: 1572 daAuts
     D:3: 837 daAuts
     D:4: 19 daAuts
